 Dungeon Crawl Stone Soup version 0.18.1-1-g2f07953 (webtiles) character file.

49 EveningNews the Skirmisher (level 3, -3/24 HPs)
             Began as a Gargoyle Berserker on May 7, 2016.
             Was a Believer of Trog.
             Killed from afar by Sigmund (12 damage)
             ... with a puff of flame
             ... on level 2 of the Dungeon.
             The game lasted 00:02:50 (1315 turns).

EveningNews the Skirmisher (Gargoyle Berserker)     Turns: 1315, Time: 00:02:50

Health: -3/24      AC:  7    Str: 20    XL:     3   Next: 75%
Magic:  3/3        EV: 12    Int:  7    God:    Trog [**....]
Gold:   105        SH:  0    Dex: 10    Spells: 0 memorised, 2 levels left

rFire  . . .     SeeInvis .     a - +0 mace
rCold  . . .     Gourm    .     b - +0 animal skin
rNeg   + . .     Faith    .     (no shield)
rPois  ∞         Spirit   .     (no helmet)
rElec  +         Dismiss  .     (no cloak)
rCorr  .         Reflect  .     t - +0 pair of gloves
SustAt .         Harm     .     h - +0 pair of boots
MR     .....                    (no amulet)
Stlth  +.........               (no ring)
                                (no ring)

@: exhausted, slowed, very slow, not resistant to hostile enchantments, very
unstealthy
A: negative energy resistance 1, electricity resistance, unbreathing,
petrification resistance, rot immunity, AC +3
a: Berserk, Trog's Hand, Burn Spellbooks, Renounce Religion


You were on level 2 of the Dungeon.
You worshipped Trog.
Trog was pleased with you.
You were very hungry.

You visited 1 branch of the dungeon, and saw 2 of its levels.

You collected 105 gold pieces.

Inventory:

Hand Weapons
 a - a +0 mace (weapon)
Missiles
 n - 49 bolts
Armour
 b - a +0 animal skin (worn)
 h - a +0 pair of boots (worn)
 o - a +0 plate armour
 t - a +0 pair of gloves (worn)
 u - a +1 pair of gloves
Jewellery
 d - a +4 ring of intelligence {unknown}
Scrolls
 k - 2 scrolls of immolation {unknown}
 l - a scroll of remove curse {unknown}
 m - 3 scrolls of enchant armour {unknown}
 p - 3 scrolls of teleportation {unknown}
Potions
 e - 2 potions of lignification {unknown}
 f - a potion of curing {unknown}
 g - a potion of berserk rage {unknown}
 i - a potion of degeneration {unknown}
 j - 2 potions of haste {unknown}
 q - a potion of agility {unknown}
 s - a potion of heal wounds {unknown}
Comestibles
 c - 2 bread rations
 r - a beef jerky


   Skills:
 - Level 3.8 Fighting
 + Level 3.8 Maces & Flails
 - Level 2.2 Armour
 - Level 2.0 Dodging


You had 2 spell levels left.
You didn't know any spells.

Dungeon Overview and Level Annotations

Branches:
Dungeon (2/15)

Altars:

Annotations:
D:2 Sigmund


Innate Abilities, Weirdness & Mutations

You are resistant to torment.
Your stone body is resilient (AC +3).
You are immune to poison.
You resist negative energy.
You are resistant to electric shocks.
You can survive without breathing.
You are immune to petrification.
You are immune to rotting.


Message History

You thump Sigmund!
Sigmund is heavily wounded.
You barely miss Sigmund.
Sigmund is heavily wounded.
The kobold closely misses you.
Sigmund zaps a wand.
You feel yourself slow down.
It is a wand of slowing.
You sock Sigmund!
Sigmund is almost dead.
The kobold closely misses you. Sigmund closely misses you.
You barely miss Sigmund.
Sigmund is almost dead.
You are no longer berserk.
You are exhausted.
You feel as though you will be slow longer.
You are feeling very hungry.
The kobold hits you. Sigmund casts a spell at you. The puff of flame hits you!
Ouch! That really hurt!
You die...

#.............# #.....
##.............###.....
.................+.....
#...#.........# #.....
##...#!?.(.....###.....
........(..............
##.##.........#######.
#....†....# #.
#@........# ##
#@K%......+
#...........#
#.#.........#####
#.#.#####.......# # #.#
+<......#
#.#.###.......#
#.#.......#####
#.########...#####


You could see Sigmund and a kobold.

Vanquished Creatures
  An adder (D:2)
  An ooze (D:1)
  2 worms (D:2)
  2 dart slugs (D:1)
  2 bats (D:2)
  3 giant cockroaches (D:1)
  A goblin (D:1)
  A hobgoblin (D:2)
  A quokka (D:2)
  5 giant newts
  4 kobolds
  6 rats
29 creatures vanquished.

Notes
Turn   | Place    | Note
--------------------------------------------------------------
     0 | D:1      | EveningNews the Gargoyle Berserker began the quest for the Orb.
     0 | D:1      | Reached XP level 1. HP: 14/14 MP: 1/1
   135 | D:1      | Reached XP level 2. HP: 10/19 MP: 2/2
  1073 | D:2      | Reached XP level 3. HP: 24/24 MP: 3/3
  1150 | D:2      | Reached ** piety under Trog
  1303 | D:2      | Noticed Sigmund
  1315 | D:2      | Killed from afar by Sigmund

Skill      XL: |  1  2  3 |
---------------+----------+-----
Dodging        | 2 |  2.0
Fighting       | |  3.8
Maces & Flails | |  3.8
Armour         | |  2.2

Action                   || total
-------------------------++-------
Melee: Mace              ||   110
Invok: Berserk           ||     2
 Stab: Sleeping          ||     1
  Eat: Chunk             ||     2
Armor: Animal skin       ||    37
Dodge: Dodged            ||    83
